 Dungeon Crawl Stone Soup version 0.19-a0-1225-gf887c1c (webtiles) character file.

2124 Deemzul the Carver (level 9, -3/63 HPs)
             Began as an Octopode Berserker on Aug 24, 2016.
             Was an Elder of Trog.
             Killed from afar by an orc wizard (11 damage)
             ... with a puff of flame
             ... on level 7 of the Dungeon.
             The game lasted 00:06:10 (5404 turns).

Deemzul the Carver (Octopode Berserker)             Turns: 5404, Time: 00:06:11

Health: -3/63      AC:  1    Str: 16    XL:     9   Next: 29%
Magic:  0/9        EV: 18    Int:  9    God:    Trog [****..]
Gold:   351        SH:  0    Dex: 15    Spells: 0 memorised, 8 levels left

rFire  . . .     SeeInvis .     a - +0 falchion
rCold  . . .     Gourm    .     (no shield)
rNeg   . . .     Faith    .     (helmet restricted)
rPois  .         Spirit   +     u - amulet of guardian spirit
rElec  +         Dismiss  .     f - ring of stealth
rCorr  .         Reflect  .     C - +1 ring of evasion
MR     ++...     Harm     .     (no ring)
Stlth  +++.......               (no ring)
                                (no ring)
                                (no ring)
                                (no ring)
                                (no ring)

@: regenerating
A: almost no armour, amphibious, 8 rings, constrict 8, camouflage 1, electricity
resistance, gelatinous body 1
a: Berserk, Trog's Hand, Brothers in Arms, Burn Spellbooks, Renounce Religion


You were on level 7 of the Dungeon.
You worshipped Trog.
Trog was greatly pleased with you.
You were near starving.

You visited 1 branch of the dungeon, and saw 7 of its levels.

You collected 351 gold pieces.

Inventory:

Hand Weapons
 a - a +0 falchion (weapon)
Jewellery
 f - a ring of stealth (left tentacle)
 o - an uncursed amulet of rage
 u - an amulet of guardian spirit (around mantle)
 A - an uncursed amulet of the gourmand {unknown}
 C - a +1 ring of evasion (right tentacle)
 G - an uncursed amulet of harm {unknown}
Wands
 I - a wand of random effects (41/48)
Scrolls
 d - 3 scrolls of noise {unknown}
 e - 11 scrolls of identify {unknown}
 g - 5 scrolls of remove curse {unknown}
 i - a scroll of magic mapping {unknown}
 n - a scroll of teleportation {unknown}
 q - a scroll of fog {unknown}
 w - 2 scrolls of immolation {unknown}
 x - a scroll of enchant weapon {unknown}
 y - a scroll of blinking {unknown}
 D - 2 scrolls of enchant armour {unknown}
Potions
 c - 3 potions of curing {unknown}
 j - 2 potions of berserk rage {unknown}
 l - a potion of degeneration
 p - a potion of cancellation {unknown}
 s - a potion of brilliance {unknown}
 t - a potion of might {unknown}
 B - a potion of heal wounds {unknown}
 E - a potion of lignification {unknown}
 F - 2 potions of mutation {unknown}
Books
 z - a book of Summonings

   Spells                             Type                      Level
   a - Recall                         Summoning/Translocation      3
   b - Aura of Abjuration             Summoning                    5
   c - Summon Demon                   Summoning                    5
   d - Summon Forest                  Summoning/Translocation      5
   e - Summon Mana Viper              Hexes/Summoning              5
   f - Shadow Creatures               Summoning                    6
   Trog disapproves of the use of such an item.
 H - a book of Unlife

   Spells                             Type                      Level
   a - Recall                         Summoning/Translocation      3
   b - Animate Dead                   Necromancy                   4
   c - Control Undead                 Necromancy                   4
   d - Cigotuvi's Embrace             Necromancy                   5
   e - Death Channel                  Necromancy                   6
   f - Simulacrum                     Ice/Necromancy               6
   Trog disapproves of the use of such an item.
Comestibles
 b - 6 bread rations
 h - 2 beef jerkies
 k - 2 slices of pizza
 m - 5 fruits
 r - 2 meat rations
 v - a royal jelly


   Skills:
 + Level 6.7 Fighting
 * Level 9.1 Long Blades
 + Level 6.6 Dodging


You had 8 spell levels left.
You didn't know any spells.

Dungeon Overview and Level Annotations

Branches:
Dungeon (7/15)
 Temple: D:4-7

Altars:
Dithmenos
Elyvilon
Okawaru
Qazlal
Ru
Xom
The Shining One

Shops:
D:6 (


Innate Abilities, Weirdness & Mutations

You cannot wear most types of armour.
You are amphibious.
You can wear up to eight rings at the same time.
You can use your tentacles to constrict eight enemies at once.
Your skin changes colour to match your surroundings (Stealth+).
Your rubbery body absorbs attacks. (AC +1, EV +1)
You are resistant to electric shocks. (rElec)


Message History

You barely miss something. Something hits you.
* * * LOW HITPOINT WARNING * * *
You miss something.
The orc shouts!
Something barely misses you.
You miss something. You squeeze something!
You hear some strange, mumbled words.
A magic dart appears from out of thin air!
The magic dart hits you!
* * * LOW HITPOINT WARNING * * *
You miss something.
You hear some strange, mumbled words.
A magic dart appears from out of thin air!
The magic dart hits you!
* * * LOW HITPOINT WARNING * * *
You closely miss something.
You hear some strange, mumbled words.
A puff of flame appears from out of thin air!
The puff of flame hits you!
You die...

....... ....$.:..
........# ....
#..#### .....
#.%..#
....o##.##.###
.........#(..#
#.....)[.>.#.#
#.....{@.....###
#.....)........#
#......##..<...##
#####.# ##......#
#> #.....##
......#..###
#....#..#.# #...
##...# .. #...#


You could see an orc.

Vanquished Creatures
  Pikel (D:5)
  Purgy (D:3)
  An orc warrior (D:7)
  Duvessa (D:5)
  A slave (D:5)
  2 sky beasts
  2 ogres
  A centaur (D:5)
  A giant frog (D:6)
  A wyvern zombie (D:7)
  Dowan (D:5)
  A howler monkey (D:4)
  3 crimson imps
  2 hounds
  5 orc priests
  A giant frog skeleton (D:6)
  A giant frog zombie (D:6)
  2 orc wizards
  Jessica (D:3)
  Natasha (twice) (D:4)
  A worker ant (D:4)
  A hound skeleton (D:4)
  6 adders
  An adder skeleton (D:4)
  3 worms
  3 dart slugs
  4 giant geckos
  20 orcs
  10 bats
  4 giant cockroaches
  3 goblins
  11 hobgoblins
  6 kobolds
  2 quokkas
  3 ball pythons
  7 giant newts
  A quokka skeleton (D:4)
  7 rats
124 creatures vanquished.

Vanquished Creatures (others)
  4 toadstools (D:1)
4 creatures vanquished.

Grand Total: 128 creatures vanquished

Notes
Turn   | Place    | Note
-------+----------+-------------------------------------------
     0 | D:1      | Deemzul the Octopode Berserker began the quest for the Orb.
     0 | D:1      | Reached XP level 1. HP: 16/16 MP: 1/1
    37 | D:1      | Reached XP level 2. HP: 14/21 MP: 2/2
   450 | D:1      | Reached XP level 3. HP: 21/26 MP: 3/3
   462 | D:1      | Reached ** piety under Trog
  1252 | D:2      | Reached XP level 4. HP: 27/33 MP: 4/4
  1496 | D:2      | Reached skill level 4 in Long Blades
  1712 | D:3      | Noticed Purgy
  1721 | D:3      | Killed Purgy
  1721 | D:3      | Reached XP level 5. HP: 37/37 MP: 5/5
  1725 | D:3      | Noticed a sky beast
  1727 | D:3      | Gained mutation: You are resistant to electric shocks. (rElec) [potion of beneficial mutation]
  1739 | D:3      | Killed a sky beast
  1739 | D:3      | Reached skill level 5 in Long Blades
  1739 | D:3      | Reached XP level 6. HP: 16/44 MP: 6/6
  2366 | D:3      | Found a sacrificial altar of Ru.
  2368 | D:3      | Found a shadowy altar of Dithmenos.
  2368 | D:3      | Found a shimmering altar of Xom.
  2368 | D:3      | Found a white marble altar of Elyvilon.
  2368 | D:3      | Found a stormy altar of Qazlal.
  2369 | D:3      | Found an iron altar of Okawaru.
  2629 | D:3      | Found a glowing golden altar of the Shining One.
  2698 | D:3      | Noticed Jessica
  2701 | D:3      | Killed Jessica
  2738 | D:4      | Reached *** piety under Trog
  2773 | D:4      | HP: 1/66 [ogre/giant spiked club (14)]
  2963 | D:4      | Reached XP level 7. HP: 15/49 MP: 7/7
  3334 | D:4      | Reached skill level 6 in Long Blades
  3467 | D:4      | Noticed Natasha
  3472 | D:4      | Killed Natasha
  3552 | D:4      | Reached skill level 5 in Fighting
  3676 | D:4      | Noticed Natasha
  3682 | D:4      | Killed Natasha
  3682 | D:4      | Reached skill level 5 in Dodging
  3803 | D:5      | Entered Level 5 of the Dungeon
  4005 | D:5      | Noticed Pikel
  4158 | D:5      | Reached XP level 8. HP: 54/55 MP: 6/8
  4185 | D:5      | Reached skill level 7 in Long Blades
  4268 | D:5      | Killed Pikel
  4268 | D:5      | Reached skill level 8 in Long Blades
  4441 | D:5      | Noticed Dowan
  4453 | D:5      | Killed Dowan
  4507 | D:5      | Noticed Duvessa
  4516 | D:5      | Killed Duvessa
  4516 | D:5      | Reached **** piety under Trog
  4753 | D:6      | Reached XP level 9. HP: 42/62 MP: 5/9
  4912 | D:6      | Found Xyafywne's Antique Weapon Emporium.
  5394 | D:7      | Reached skill level 9 in Long Blades
  5404 | D:7      | Killed from afar by an orc wizard

Vault maps used:
D:1:      ldierk_walled_garden_2
D:3:      grunt_temple_overflow_open, first_bread, tso_metal_star, uniq_purgy,
          uniq_jessica
D:4:      kennysheep_spiral_hall, uniq_natasha
D:5:      uniq_duvessa, uniq_pikel
D:6:      serial_shops, nicolae_shop_waterfront
D:7:      kennysheep_crisscross, minmay_misc_feat_iff

Skill      XL: |  1  2  3  4  5  6  7  8  9 |
---------------+----------------------------+-----
Long Blades    | 4 5 6 8 9 |  9.1
Fighting       | 4 5 6 |  6.7
Dodging        | 4 5 6 |  6.6

Action                   |  1- 3 |  4- 6 |  7- 9 || total
-------------------------+-------+-------+-------++-------
Melee: Falchion          |    83 |    77 |   191 ||   351
       Constrict         |    27 |    14 |    46 ||    87
       Tentacles         |    19 |    15 |    52 ||    86
Invok: Berserk           |       |     2 |     2 ||     4
       Trog's Hand       |       |       |     1 ||     1
  Use: Potion            |       |     2 |       ||     2
 Stab: Sleeping          |     9 |     4 |     4 ||    17
  Eat: Chunk             |     1 |     8 |     8 ||    17
Armor: Skin              |     6 |     4 |     4 ||    14
Dodge: Dodged            |    35 |    46 |    78 ||   159
